 Dungeon Crawl Stone Soup version 0.23-a0-417-gf02c810 (webtiles) character file.

145 James the Chopper (level 5, -1/41 HPs)
             Began as a Formicid Abyssal Knight on Nov 10, 2018.
             Was a Believer of Lugonu.
             Killed by nerve-wracking pain
             ... invoked by an orc priest
              (11 damage)
             ... on level 3 of the Dungeon.
             The game lasted 00:04:52 (2479 turns).

James the Chopper (Formicid Abyssal Knight)         Turns: 2479, Time: 00:04:52

Health: -1/41      AC: 10    Str: 20    XL:     5   Next: 53%
Magic:  6/6        EV: 10    Int: 12    God:    Lugonu [**....]
Gold:   118        SH:  0    Dex: 10    Spells: 4/4 levels left

rFire    + . .     SeeInvis +   u - +0 war axe
rCold    + . .     Gourm    .   (no shield)
rNeg     . . .     Faith    .   e - +5 ring mail "Pacejem" {Str+3}
rPois    .         Spirit   .   (helmet unavailable)
rElec    .         Reflect  .   l - scarf {rC+ rF+}
rCorr    .         Harm     .   (no gloves)
MR       .....                  (no boots)
Stlth    ..........             t - amulet of magic regeneration
HPRegen  0.13/turn              (no ring)
MPRegen  0.35/turn              (no ring)

@: no status effects
A: permanent stasis, dig shafts and tunnels, four strong arms, antennae 3
a: Dig, Shaft Self, Depart the Abyss, Bend Space, Renounce Religion


You were on level 3 of the Dungeon.
You worshipped Lugonu.
Lugonu was pleased with you.
You were not hungry.

You visited 1 branch of the dungeon, and saw 3 of its levels.
You visited the Abyss 1 time.

You collected 118 gold pieces.

Inventory:

Hand Weapons
 a - a +1 hand axe
 n - a +0 spear
 u - a +0 war axe (weapon)
Missiles
 q - 7 poisoned needles
Armour
 b - a +0 leather armour
 e - the +5 ring mail "Pacejem" (worn) {Str+3}
   (You found it on level 3 of the Abyss)

   It affects your strength (+3).
 l - a scarf of resistance (worn)
Jewellery
 t - an amulet of magic regeneration (around neck)
Wands
 p - a wand of scattershot (6)
Scrolls
 d - 3 scrolls of identify {unknown}
 i - a scroll of enchant armour {unknown}
 j - a scroll of remove curse {unknown}
 k - a scroll of magic mapping {unknown}
 o - 2 scrolls of amnesia {unknown}
 r - 3 scrolls of teleportation {unknown}
 s - a scroll of fear {unknown}
Potions
 f - a potion of experience {unknown}
 g - a potion of lignification {unknown}
 m - a potion of resistance {unknown}
Comestibles
 c - 4 rations


   Skills:
 - Level 3.2 Fighting
 * Level 4.6 Axes
 + Level 3.5 Armour
 - Level 0.8 Dodging
 - Level 2.1 Invocations


You had 4 spell levels left.
You didn't know any spells.
Your spell library was empty.

Dungeon Overview and Level Annotations

Branches:
Dungeon (3/15)

Altars:
Cheibriados
Gozag

Annotations:
D:2 exclusion: downstairs


Innate Abilities, Weirdness & Mutations

You cannot be hasted, slowed, berserked, paralysed or teleported.
You can dig through walls and to a lower floor.
Your four strong arms can wield two-handed weapons with a shield.
You have a pair of large antennae on your head. (SInv)


Message History

The orc priest hits you with a +0 flail.
You barely miss the orc priest.
The orc priest is moderately wounded.
The orc priest closely misses you.
You slash the orc priest!
The orc priest is severely wounded.
The orc priest hits you with a +0 flail.
* * * LOW HITPOINT WARNING * * *
You hit the orc priest but do no damage.
The orc priest is severely wounded.
The orc priest barely misses you.
You hit the orc priest but do no damage.
The orc priest is severely wounded.
The orc priest hits you with a +0 flail.
* * * LOW HITPOINT WARNING * * *
You closely miss the orc priest.
The orc priest is severely wounded.
The orc priest invokes the aid of Beogh against you.
Pain shoots through your body!
You die...

#. #.#.#...# #..
#.#.#.>.#
#...#.......#
#...#..?##..# #.
.........#######
#..##.#.....?......
#.......(.(.......#
##.##..o#....#.{{..
#..@.....# #o#
#...#....#
#.#<#....#
#.#.#....#
#.#......#
#[#......# #......#
#.#...)# ..#...#


You could see an orc priest.

Vanquished Creatures
  An orc priest (D:2)
  4 adders
  An ooze (D:1)
  A dart slug (D:1)
  3 leopard geckos
  2 orcs (D:2)
  3 bats
  5 giant cockroaches
  5 goblins
  9 hobgoblins
  5 jackals
  11 kobolds
  A quokka (D:2)
  2 frilled lizards
  13 rats
66 creatures vanquished.

Notes
Turn   | Place    | Note
-------+----------+-------------------------------------------
     0 | Abyss:1  | James the Formicid Abyssal Knight began the quest for the
                  | Orb.
     0 | Abyss:1  | Reached XP level 1. HP: 18/18 MP: 2/2
    49 | Abyss:3  | Got a spiked ring mail
    60 | Abyss:3  | Identified the +5 ring mail "Pacejem" {Str+3} (You found it
                  | on level 3 of the Abyss)
    63 | Abyss:3  | Noticed a large abomination
    78 | Abyss:3  | Noticed a small abomination
    83 | Abyss:3  | Noticed a large abomination
    84 | Abyss:3  | Noticed a small abomination
    85 | D:1      | Escaped the Abyss
   167 | D:1      | Reached * piety under Lugonu
   176 | D:1      | Reached XP level 2. HP: 11/24 MP: 3/3
   470 | D:1      | Reached XP level 3. HP: 28/29 MP: 4/4
   533 | D:1      | Reached skill level 3 in Axes
   769 | D:1      | Reached ** piety under Lugonu
  1114 | D:2      | Reached XP level 4. HP: 35/35 MP: 5/5
  1391 | D:2      | Found a snail-covered altar of Cheibriados.
  1742 | D:2      | Found an opulent altar of Gozag.
  1875 | D:2      | Reached skill level 4 in Axes
  1875 | D:2      | Reached XP level 5. HP: 22/41 MP: 6/6
  2479 | D:3      | Killed from afar by an orc priest

Vault maps used:
D:1:      minmay_arrival_up_and_down, serial_forest,
          infiniplex_forest_side_room, infiniplex_forest_lined_ring,
          infiniplex_forest_pool, infiniplex_forest_lined_room_3,
          infiniplex_forest_end_2, infiniplex_forest_lined_4_way,
          infiniplex_forest_lined_room_2, infiniplex_forest_clump_small,
          moated_statue, nrook_uturn, minmay_misc_feat_nine_boxes,
          wad_floor_pattern_untrapped
D:2:      nicolae_gozag_cash_rules_everything_around_me, cheibriados_altar_1
D:3:      minivault_19
Abyss:3:  evilmike_abyss_exit_5, evilmike_abyss_exit_15,
          hangedman_abyss_or_decor_stabs

Skill      XL: |  1  2  3  4 |
---------------+-------------+-----
Axes           | 3 4 |  4.6
Armour         | 3 |  3.5
Fighting       | |  3.2
Dodging        | |  0.8
Invocations    | |  2.1

Action                   |  1- 3 |  4- 6 || total
-------------------------+-------+-------++-------
Melee: Hand axe          |   112 |    40 ||   152
       War axe           |       |    67 ||    67
Invok: Depart the Abyss  |     1 |       ||     1
  Eat: Chunk             |     1 |     4 ||     5
Armor: Ring mail         |    48 |    63 ||   111
Dodge: Dodged            |    63 |    63 ||   126

Table legend:
 A = Non-vault XP
 B = Vault XP
 C = Vault XP percentage of total XP
 D = Non-vault monster count
 E = Vault monster count
 F = Vault count percentage of total count
                 A         B        C        D         E       F
            +---------+---------+-------+---------+---------+-------
      Total |     208 |       0 |   0.0 |      66 |       0 |   0.0
            +---------+---------+-------+---------+---------+-------
        D:1 |      58 |       0 |   0.0 |      30 |       0 |   0.0
        D:2 |     132 |       0 |   0.0 |      32 |       0 |   0.0
        D:3 |      18 |       0 |   0.0 |       4 |       0 |   0.0
            +---------+---------+-------+---------+---------+-------
